Map: Romanticide LE

Players

FLORENCIO - Winner!

  • Race: Terran Terran
  • League: Platinum

Reet

  • Race: Zerg Zerg
  • League: Gold

VOD

Have the link to the VOD?

Description

Time

  • Played on: May 25, 2021, 6:03 p.m.
  • Length: 19:41
Show
View Real Time Build Order
Export as new Build Order

FLORENCIO Terran - Winner!

Build Orders:  

Get SALT Encoding   

  12  0:02  SCV  
  13  0:14  SCV  
  14  0:21  Supply Depot  
  14  0:26  SCV  
  15  0:31  Refinery  
  15  0:43  SCV  
  15  0:47  Barracks  
  16  0:55  SCV  
  17  1:07  SCV  
  18  1:21  SCV  
  19  1:34  Barracks  
  19  1:36  Barracks, Reaper  
  20  1:40  Supply Depot  
  20  2:05  Supply Depot  
  20  2:08  Reaper  
  21  2:22  Reaper  
  22  2:23  Reaper  
  23  2:31  Refinery, Orbital Command  
  23  2:39  Supply Depot  
  23  2:44  Reaper  
  24  3:07  SCV  
  25  3:19  SCV  
  26  3:26  Reaper  
  26  3:27  Reaper x2  
  29  3:31  SCV  
  30  3:35  Command Center  
  30  3:43  SCV  
  30  4:41  Barracks Tech Lab  
  30  4:52  Engineering Bay  
  30  4:53  Barracks Tech Lab  
  30  5:24  SCV  
  30  5:25  Planetary Fortress  
  31  5:36  SCV  
  32  5:48  SCV  
  33  6:00  SCV, Marine  
  33  6:02  Marine x2  
  36  6:05  Missile Turret x2  
  36  6:06  Missile Turret x2  
  34  6:12  SCV  
  34  6:16  Missile Turret  
  33  6:18  Marine  
  33  6:19  Marine  
  33  6:20  Marine  
  33  6:24  SCV  
  35  6:31  Stimpack  
  35  6:32  Combat Shield  
  35  6:36  Marine  
  35  6:37  Marine  
  35  6:38  Marine  
  38  6:53  Factory  
  38  6:54  Factory, Marine  
  38  6:55  Marine  
  38  6:56  Marine  
  38  6:58  Factory  
  38  7:00  Command Center  
  41  7:03  SCV  
  41  7:05  Refinery  
  41  7:07  Refinery  
  42  7:12  Ghost Academy, Marine  
  42  7:13  Supply Depot, Marine  
  42  7:14  Marine  
  42  7:15  SCV  
  46  7:27  SCV  
  46  7:29  Marine  
  47  7:31  Marine x2  
  50  7:39  SCV  
  51  7:45  Widow Mine x3  
  57  7:56  SCV  
  57  7:57  SCV  
  59  8:06  Widow Mine x3  
  59  8:08  SCV  
  59  8:09  SCV  
  67  8:21  SCV  
  68  8:27  Widow Mine  
  68  8:28  Widow Mine x2  
  68  8:29  Missile Turret  
  67  8:49  Widow Mine  
  58  9:04  Planetary Fortress  
  58  9:11  Widow Mine x2  
  58  9:12  Starport  
  58  9:13  Starport  
  58  9:14  Armory, Personal Cloaking  
  62  9:17  Ghost Academy  
  62  9:22  SCV  
  62  9:23  SCV  
  64  9:34  SCV  
  64  9:35  SCV  
  65  9:47  SCV x2  
  72  9:54  Marauder  
  72  9:55  Marauder  
  72  9:59  SCV  
  71  10:16  Marauder x2, Barracks  
  71  10:18  Barracks  
  74  10:37  Marauder  
  74  10:38  Marauder  
  76  10:44  Missile Turret  
  76  10:47  Refinery  
  76  10:49  Refinery  
  74  10:57  Widow Mine  
  74  10:59  Marauder x2, Factory Tech Lab x2  
  75  11:18  Widow Mine  
  75  11:20  Marauder  
  77  11:28  Marauder, Siege Tank x2  
  77  11:29  Supply Depot  
  85  11:41  Marauder  
  87  11:49  Marauder  
  83  12:11  Marauder  
  66  12:49  SCV x3  
  69  12:56  Refinery  
  69  12:57  Refinery, Ghost x2  
  73  13:00  Nuke x2  
  73  13:01  SCV x3  
  76  13:08  Supply Depot x2  
  76  13:09  Supply Depot  
  76  13:13  SCV x3  
  77  14:05  Armory  
  77  14:08  Supply Depot  
  77  14:09  Siege Tank  
  64  14:58  Factory Tech Lab  
  64  14:59  Factory Tech Lab  
  61  15:00  Marauder  
  61  15:01  Marauder, Barracks Tech Lab  
  65  15:16  Command Center  
  65  15:22  Marauder  
  65  15:25  Thor x3  
  85  15:34  Starport  
  85  15:35  Starport  
  85  15:36  SCV  
  85  15:37  Starport  
  86  15:47  Command Center  
  86  15:49  SCV  
  87  15:58  Marine x2  
  87  15:59  Marine  
  87  16:01  SCV  
  91  16:08  Thor  
  97  16:16  Marine x3  
  100  16:21  Thor x2  
  100  16:25  Starport Tech Lab x3  
  110  16:34  Marine x2  
  110  16:38  Nuke x2  
  103  16:41  Ghost  
  103  16:44  Banshee x3  
  103  16:46  Cloaking Field  
  103  16:47  Hyperflight Rotors  
  113  16:52  Marine x2  
  115  17:09  Planetary Fortress  
  115  17:10  Marine x2  
  115  17:11  Factory Tech Lab  
  117  17:18  Ghost  
  119  17:24  Marine x2  
  119  17:26  Banshee  
  119  17:27  Banshee x2, Marine x2  
  132  17:42  Marine x2  
  134  17:45  Marine x2  
  134  17:47  Marine  
  137  17:53  Planetary Fortress  
  124  18:00  Marine x2  
  124  18:05  Siege Tank x3  
Show
View Real Time Build Order
Export as new Build Order

Reet Zerg 

Build Orders: Hatch First 

Get SALT Encoding   

  12  0:00  Drone  
  13  0:08  Drone  
  14  0:20  Extractor  
  13  0:22  Extractor, Drone  
  13  0:23  Drone  
  13  0:27  Overlord  
  16  0:49  Drone x2  
  18  0:58  Hatchery  
  17  1:06  Drone  
  17  1:07  Drone  
  17  1:10  Extractor  
  18  1:20  Spawning Pool  
  18  1:24  Overlord  
  17  1:30  Drone  
  18  1:36  Extractor  
  18  1:37  Drone  
  18  1:52  Drone  
  19  2:10  Drone  
  19  2:11  Drone  
  19  2:13  Drone, Queen  
  19  2:15  Queen  
  26  2:26  Drone  
  26  2:28  Drone  
  28  2:38  Drone  
  28  2:40  Zergling x2  
  30  2:45  Spine Crawler, Drone  
  30  2:55  Lair  
  30  2:59  Evolution Chamber  
  30  3:03  Drone  
  30  3:04  Drone  
  31  3:18  Spine Crawler  
  29  3:24  Zergling x2  
  29  3:26  Zergling x6  
  33  3:36  Zerg Ground Armor Level 1  
  31  3:55  Drone  
  30  3:56  Drone  
  30  4:00  Spire  
  30  4:01  Drone x4  
  33  4:05  Extractor  
  26  4:29  Queen  
  24  4:35  Drone x4  
  28  4:42  Overlord x2  
  28  4:48  Drone x3  
  29  5:06  Spine Crawler  
  25  5:23  Spine Crawler  
  25  5:28  Mutalisk x4  
  26  5:31  Zerg Missile Weapons Level 1, Zergling x4  
  34  5:56  Queen  
  32  6:04  Drone x3  
  32  6:05  Drone x2  
  37  6:23  Drone x2  
  37  6:24  Drone x3  
  42  6:26  Drone x2  
  42  6:30  Mutalisk  
  46  6:37  Roach Warren  
  39  6:48  Drone  
  39  6:52  Extractor  
  39  6:54  Extractor  
  38  7:12  Drone x2  
  40  7:16  Drone  
  41  7:24  Zerg Ground Armor Level 2  
  41  7:26  Glial Reconstitution  
  41  7:28  Roach x3  
  47  7:34  Drone x3  
  50  7:38  Hatchery  
  49  7:59  Nydus Network  
  49  8:04  Drone x2  
  50  8:07  Overlord x3, Drone x2  
  52  8:13  Overseer  
  52  8:25  Spore Crawler  
  52  8:26  Spine Crawler  
  50  8:27  Drone  
  50  8:28  Drone x2  
  50  8:29  Roach x3  
  50  8:30  Roach  
  59  8:44  Tunneling Claws  
  59  8:47  Roach x3  
  59  8:48  Roach  
  50  9:00  Drone  
  51  9:06  Drone x2, Queen  
  51  9:09  Roach  
  57  9:15  Drone  
  58  9:23  Drone  
  59  9:28  Nydus Canal  
  59  9:36  Roach  
  59  9:37  Roach x3  
  67  9:47  Roach x3  
  67  9:49  Zergling x2  
  67  9:51  Zergling x2  
  75  10:00  Queen  
  71  11:01  Nydus Canal  
  71  11:11  Roach x3  
  71  11:12  Roach x3  
  81  11:19  Overlord x2  
  81  11:20  Drone  
  66  12:28  Roach x3  
  66  12:29  Mutalisk x5  
  68  12:41  Mutalisk  
  60  12:47  Drone  
  60  12:48  Drone x2  
  63  12:52  Overseer x2  
  63  13:04  Roach x2  
  67  13:14  Roach  
  67  13:15  Roach x3  
  67  13:17  Roach x3  
  67  13:18  Roach x3, Zerg Missile Weapons Level 2  
  87  13:21  Drone x3  
  87  13:23  Overlord x2  
  78  13:52  Roach x3  
  78  13:55  Roach x5  
  94  14:01  Drone x4  
  94  14:02  Drone x2, Overseer x2  
  100  14:13  Extractor  
  100  14:14  Drone  
  100  14:16  Extractor  
  79  14:56  Drone x3  
  79  14:57  Drone x2  
  74  15:10  Infestation Pit  
  73  15:20  Roach  
  73  15:21  Roach x4  
  83  15:23  Zergling x8  
  83  15:24  Zergling x4, Metabolic Boost  
  83  15:26  Hatchery  
  88  15:29  Drone x2  
  88  15:30  Spine Crawler  
  88  15:33  Spine Crawler, Spore Crawler  
  88  15:35  Drone x3  
  90  15:47  Hive  
  90  15:52  Overlord x2  
  90  15:53  Overlord x2  
  84  16:06  Drone  
  85  16:13  Spine Crawler  
  84  16:35  Queen  
  84  16:36  Extractor  
  85  16:43  Spine Crawler  
  85  16:44  Spore Crawler  
  83  16:51  Roach x3  
  83  16:52  Roach x3  
  95  17:00  Ultralisk Cavern  
  94  17:02  Drone x3  
  94  17:03  Queen  
  94  17:08  Zergling x12  
  103  17:09  Zergling x2  
  103  17:12  Drone x4  
  103  17:13  Drone x5  
  115  17:22  Spine Crawler x2  
  113  17:24  Spore Crawler  
  113  17:25  Spine Crawler  
  113  17:28  Spore Crawler  
  110  17:50  Roach x2  
  110  17:51  Roach x3  
  112  17:52  Roach  
  112  17:55  Overlord x2  
  115  18:03  Zergling x2  
  115  18:04  Zergling x8  
  98  18:10  Zergling x2  
Tags
 
Add a new tag
Caveats
  • Supply blocks, unpowered buildings, or Contaminate may cause inaccurate times.
  • Supply counts are checked every 10 seconds.